 Dungeon Crawl Stone Soup version 0.20.2-3-g29329e0561 (webtiles) character file.

8330 Alfie the Slicer (level 11, 0/95 HPs)
             Began as a Hill Orc Fighter on Dec 20, 2022.
             Succumbed to a spiny frog's poison
             ... on level 1 of the Lair of Beasts.
             The game lasted 00:29:53 (8644 turns).

Alfie the Slicer (Hill Orc Fighter)                 Turns: 8644, Time: 00:29:54

Health: 0/95       AC: 17    Str: 26    XL:     11   Next: 29%
Magic:  11/11      EV: 12    Int:  8    God:
Gold:   362        SH: 13    Dex: 10    Spells: 10/10 levels left

rFire    . . .     SeeInvis .   a - +1 rapier (pierce)
rCold    . . .     Gourm    .   c - +1 shield
rNeg     . . .     Faith    .   J - +1 acid dragon scales
rPois    .         Spirit   .   h - +1 helmet
rElec    .         Reflect  .   y - +0 cloak
rCorr    +         Harm     .   e - +1 pair of gloves
MR       .....                  L - +1 pair of boots
Stlth    +.........             v - amulet of regeneration
Regen    0.7/turn               z - +3 ring of strength
MPRegen  0.2/turn               (no ring)

@: lethally poisoned (0 -> -15), drained
A: no striking features
a: no special abilities


You were on level 1 of the Lair of Beasts.
You were hungry.

You visited 2 branches of the dungeon, and saw 12 of its levels.

You collected 581 gold pieces.
You spent 219 gold pieces at shops.

Inventory:

Hand Weapons
 a - a +1 rapier of piercing (weapon)
Missiles
 s - 10 tomahawks (quivered)
Armour
 b - a +1 scale mail
 c - a +1 shield (worn)
 e - a +1 pair of gloves (worn)
 h - a +1 helmet (worn)
 y - a +0 cloak (worn)
 J - +1 acid dragon scales (worn)
 L - a +1 pair of boots (worn)
Jewellery
 m - an uncursed amulet of faith
 o - an uncursed ring of protection from cold
 v - an amulet of regeneration (around neck)
 z - a +3 ring of strength (left hand)
Wands
 g - a wand of paralysis (15/24)
 q - a wand of random effects (28/48)
 D - a wand of enslavement (9/24)
 F - a wand of confusion (34/48)
 I - a wand of scattershot (4/9)
 K - a wand of iceblast (8/15)
 M - a wand of flame (31/48)
Scrolls
 j - 5 scrolls of teleportation
 k - 3 scrolls of remove curse
 r - 4 scrolls of amnesia
 O - a scroll of recharging
 Q - 5 scrolls of identify
 S - 3 scrolls of magic mapping
Potions
 d - a potion of brilliance
 l - a potion of haste
 n - 2 potions of ambrosia
 p - a potion of resistance
 t - a potion of invisibility
 w - 2 potions of mutation {unknown}
 x - 6 potions of agility
 A - 2 potions of heal wounds
 E - 2 potions of magic
 G - a potion of berserk rage
 H - a potion of lignification {unknown}
 P - a potion of flight {unknown}
Books
 i - a book of Debilitation

   Spells                             Type                      Level
   a - Corona                         Hexes                        1
   b - Slow                           Hexes                        2
   c - Inner Flame                    Hexes/Fire                   3
   d - Portal Projectile              Hexes/Translocation          3
   e - Cause Fear                     Hexes                        4
   f - Leda's Liquefaction            Hexes/Earth                  4
Comestibles
 f - 4 bread rations
 u - 18 fruits
 B - 3 meat rations
 N - 2 royal jellies


   Skills:
 + Level 8.5(7.9) Fighting
 + Level 10.0(9.4) Short Blades
 + Level 2.7(2.2) Throwing
 + Level 7.7(7.2) Armour
 + Level 4.8(4.3) Dodging
 + Level 1.7(1.2) Stealth
 + Level 9.6(9.0) Shields


You had 10 spell levels left.
You didn't know any spells.

Dungeon Overview and Level Annotations

Branches:
Dungeon (11/15)            Temple (0/1) D:6            Lair (1/6) D:11
    Orc: D:9-12

Altars:
Cheibriados
Gozag
Nemelex Xobeh
Vehumet
Xom
The Shining One

Shops:
D:4 =   D:10 ?

Annotations:
D:4 Edmund


Message History

* * * LOW HITPOINT WARNING * * *
You hit the spiny frog but do no damage.
The spiny frog is moderately wounded.
You feel sick. The spiny frog stings you!
* * * LOW HITPOINT WARNING * * *
You are lethally poisoned!
The spiny frog poisons you! The komodo dragon barely misses you.
You hit the spiny frog.
The spiny frog is heavily wounded.
* * * LOW HITPOINT WARNING * * *
You feel sick. You block the spiny frog's attack.
Your shield prevents you from hitting the spiny frog.
The spiny frog is heavily wounded.
* * * LOW HITPOINT WARNING * * *
You feel sick. The komodo dragon bites you.
* * * LOW HITPOINT WARNING * * *
The spiny frog barely misses you.
You hit the spiny frog.
The spiny frog is heavily wounded.
You die...

##.## #.#### ####
...... .... ....
###..##.##..###.P###
. ..............:....
..##..#.##..........
....................
##......P.#..P.#.#.##
.........$.†.<.......
.#.##@..###.####...


#FlP# #.# ........... .........##?#. .........>...... ####.#.##.#.#. .# .....
..... .. ...... ..... You could see a komodo dragon and a spiny frog.

Vanquished Creatures
  A centaur warrior (D:10)
  Nergalle (D:11)
  An unseen horror (D:11)
  The ghost of Alfie the Cutter, a novice HOFi (D:6)
  Pikel (D:8)
  The ghost of Alfie the Cutter, a novice HOFi (D:5)
  A rime drake (Lair:1)
  3 hippogriffs
  Sigmund (D:2)
  A hungry ghost (D:10)
  3 acid dragons
  3 orc warriors
  A sky beast (D:6)
  2 black bears
  2 ice beasts
  A phantom (D:6)
  7 ogres
  2 centaurs
  2 big kobolds
  3 bullfrogs
  A wyvern zombie (D:10)
  A water moccasin skeleton (D:11)
  A scorpion (D:5)
  5 killer bees (D:10)
  2 howler monkeys
  2 crimson imps
  A bullfrog zombie (D:9)
  3 centaur zombies
  9 orc wizards
  2 orc priests
  Crazy Yiuf (D:3)
  3 hounds
  4 jellies
  Jessica (D:2)
  Terence (D:3)
  An iguana (D:5)
  Natasha (thrice) (D:3)
  6 worker ants
  A hound zombie (D:6)
  3 hound skeletons
  A worker ant zombie (D:6)
  3 gnolls (D:8)
  15 adders
  2 oozes (D:4)
  An adder skeleton (D:6)
  An adder zombie (D:5)
  A worm (D:5)
  A dart slug (D:3)
  5 leopard geckos
  24 orcs
  4 ball pythons
  6 bats
  3 giant cockroaches
  2 goblins
  6 hobgoblins
  6 jackals
  10 kobolds
  2 quokkas
  7 frilled lizards
  A leopard gecko skeleton (D:5)
  A quokka skeleton (D:3)
  6 rats
197 creatures vanquished.

Vanquished Creatures (others)
  A plant (D:3)
1 creature vanquished.

Grand Total: 198 creatures vanquished

Notes
Turn   | Place    | Note
-------+----------+-------------------------------------------
     0 | D:1      | Alfie the Hill Orc Fighter began the quest for the Orb.
     0 | D:1      | Reached XP level 1. HP: 19/19 MP: 1/1
   103 | D:1      | Reached XP level 2. HP: 26/27 MP: 2/2
   551 | D:2      | Noticed Sigmund
   564 | D:2      | Killed Sigmund
   564 | D:2      | Reached skill level 3 in Short Blades
   564 | D:2      | Reached XP level 3. HP: 23/35 MP: 3/3
   564 | D:2      | Reached XP level 4. HP: 27/41 MP: 4/4
   564 | D:2      | Reached XP level 5. HP: 31/47 MP: 5/5
   799 | D:2      | Noticed Jessica
   826 | D:2      | Killed Jessica
   826 | D:2      | Reached XP level 6. HP: 32/55 MP: 6/6
   841 | D:2      | Reached skill level 5 in Fighting
  1646 | D:3      | Found a runed door.
  1683 | D:3      | Noticed Crazy Yiuf
  1705 | D:3      | Killed Crazy Yiuf
  1741 | D:3      | Noticed Terence
  1754 | D:3      | Killed Terence
  1754 | D:3      | Reached skill level 1 in Dodging
  1765 | D:3      | Noticed Natasha
  1875 | D:3      | Killed Natasha
  1892 | D:3      | Noticed Natasha
  1907 | D:3      | Killed Natasha
  1907 | D:3      | Reached skill level 4 in Short Blades
  1986 | D:3      | Noticed Natasha
  1993 | D:3      | Killed Natasha
  2019 | D:4      | Reached XP level 7. HP: 41/61 MP: 7/7
  2110 | D:4      | Reached skill level 5 in Shields
  2278 | D:4      | Reached skill level 5 in Armour
  2380 | D:4      | Found a sparkling altar of Nemelex Xobeh.
  2426 | D:4      | Noticed Edmund
  2525 | D:4      | Reached skill level 5 in Short Blades
  2621 | D:4      | Found an opulent altar of Gozag.
  2649 | D:4      | Found Plog's Jewellery Boutique.
  2817 | D:5      | Entered Level 5 of the Dungeon
  2884 | D:5      | Found a shimmering altar of Xom.
  2884 | D:5      | Found a radiant altar of Vehumet.
  2885 | D:5      | Found a glowing golden altar of the Shining One.
  2918 | D:5      | Reached XP level 8. HP: 67/70 MP: 8/8
  2943 | D:5      | Noticed Alfie's ghost (novice HOFi)
  2991 | D:5      | Killed Alfie's ghost
  3115 | D:5      | Reached skill level 6 in Short Blades
  3115 | D:5      | Reached skill level 1 in Throwing
  3840 | D:5      | Reached XP level 9. HP: 40/78 MP: 9/9
  3851 | D:5      | Reached skill level 7 in Short Blades
  3891 | D:6      | Noticed Alfie's ghost (novice HOFi)
  3946 | D:6      | Killed Alfie's ghost
  4111 | D:6      | Found a staircase to the Ecumenical Temple.
  5021 | D:7      | Reached skill level 8 in Short Blades
  5482 | D:7      | Found a snail-covered altar of Cheibriados.
  5841 | D:8      | Reached skill level 1 in Stealth
  5841 | D:8      | Reached XP level 10. HP: 73/86 MP: 10/10
  6468 | D:8      | Noticed Pikel
  6487 | D:8      | Killed Pikel
  6813 | D:9      | Noticed a fire crab
  7184 | D:9      | Reached skill level 9 in Short Blades
  7289 | D:10     | Entered Level 10 of the Dungeon
  7556 | D:10     | Found Zargh's Magic Scroll Boutique.
  7576 | D:10     | Bought a scroll of identify for 22 gold pieces
  7576 | D:10     | Bought a scroll of enchant armour for 82 gold pieces
  7576 | D:10     | Bought 3 scrolls of magic mapping for 115 gold pieces
  7807 | D:10     | Noticed a centaur warrior
  7819 | D:10     | Killed a centaur warrior
  7984 | D:10     | Reached XP level 11. HP: 95/95 MP: 11/11
  8339 | D:11     | Noticed Nergalle
  8369 | D:11     | Killed an unseen horror
  8408 | D:11     | Killed Nergalle
  8408 | D:11     | Reached skill level 10 in Short Blades
  8592 | D:11     | Found a staircase to the Lair.
  8597 | Lair:1   | Entered Level 1 of the Lair of Beasts
  8643 | Lair:1   | HP: 2/95 [komodo dragon (6)]
  8644 | Lair:1   | Succumbed to a spiny frog's poison

Skill      XL: |  1  2  3  4  5  6  7  8  9 10 11 |
---------------+----------------------------------+-----
Fighting       | 4 5 6 7 8 |  8.5
Short Blades   | 3 4 5 6 8 9 10 | 10.0
Armour         | 4 5 6 7 |  7.7
Shields        | 4 5 6 7 9 |  9.6
Dodging        | 1 2 4 |  4.8
Throwing       | 1 2 |  2.7
Stealth        | 1 |  1.7

Action                   |  1- 3 |  4- 6 |  7- 9 | 10-12 || total
-------------------------+-------+-------+-------+-------++-------
Melee: Rapier            |    48 |   227 |   565 |   389 ||  1229
Throw: Tomahawk          |       |       |    25 |    13 ||    38
  Use: Potion            |     1 |     5 |     3 |     7 ||    16
       Scroll            |       |       |    17 |    10 ||    27
 Stab: Sleeping          |       |       |       |     1 ||     1
  Eat: Fruit             |       |     1 |     6 |     8 ||    15
       Royal jelly       |       |     1 |     2 |       ||     3
       Bread ration      |       |     1 |     1 |       ||     2
Armor: Scale mail        |    20 |    84 |   167 |       ||   271
       Acid dragon scale |       |       |    10 |   171 ||   181
Dodge: Dodged            |    18 |    64 |   144 |   153 ||   379
Block: Shield            |    15 |   112 |   250 |   253 ||   630
